 Dungeon Crawl Stone Soup version 0.30-a0-937-ga0a21ad780 (webtiles) character file.

Game seed: 14235721854709324696

3 kae the Ruffian (level 1, 0/18 HPs)
             Began as a Naga Transmuter on Mar 24, 2023.
             Slain by a jackal (3 damage)
             ... on level 1 of the Dungeon.
             The game lasted 00:00:18 (107 turns).

kae the Ruffian (Naga Transmuter)                    Turns: 107, Time: 00:00:19

Health: 0/18       AC:  1    Str: 12    XL:     1   Next: 50%
Magic:  2/3        EV:  9    Int: 13    God:
Gold:   28         SH:  0    Dex: 11    Spells: 3/4 levels left

rFire   . . .      SeeInvis +      - Unarmed
rCold   + . .      Faith    .    (no shield)
rNeg    . . .      Spirit   .    a - +0 robe
rPois   +          Reflect  .    (helmet currently unavailable)
rElec   .          Rampage  .    (no cloak)
rCorr   .                        (no gloves)
Will    .....                    (no barding)
Stlth   +                        (no amulet)
HPRegen 0.23/turn                C - ring of protection from cold
MPRegen 0.08/turn                (no ring)

@: short of breath, appendages (expiring), very slow
A: horns 2, AC +0, large, see invisible, deformed body, poison resistance,
slowness 2, spit poison 1, naga tail 1
a: Spit Poison, End Transformation


You were on level 1 of the Dungeon.
You had temporarily grown beastly horns.
You visited 1 branch of the dungeon, and saw 1 of its levels.

You collected 28 gold pieces.


Innate Abilities, Weirdness & Mutations

You have temporarily grown beastly horns.
Your serpentine skin is tough. (AC +0)
You have supernaturally acute eyesight. (SInv)
Armour fits poorly on your strangely shaped body.
Your system is resistant to poisons. (rPois)
You cover ground very slowly.
You can spit poison.
You have a snake-like lower body.


   Skills:
 - Level 1.0 Fighting
 - Level 1.5 Dodging
 + Level 3.0 Unarmed Combat
 + Level 2.0 Spellcasting
 * Level 2.1 Transmutations


You had 3 spell levels left.
You knew the following spells:

 Your Spells              Type           Power      Damage    Failure   Level
a - Beastly Appendage     Tmut           14%        N/A       11%         1

Your spell library contained the following spells:

 Spells                   Type           Power      Damage    Failure   Level
 Wereblood                Tmut           7%         N/A       16%         2
 Spider Form              Tmut/Pois      4%         N/A       43%         3
 Ice Form                 Ice/Tmut       4%         N/A       85%         4

Inventory:

Armour
 a - a +0 robe (worn)
Jewellery
 C - a ring of protection from cold (left hand)
   (You found it on level 1 of the Dungeon)
Scrolls
 c - a scroll of blinking {unknown}
 d - a scroll of teleportation {unknown}
Potions
 b - a potion of lignification {!q}

Dungeon Overview and Level Annotations

Branches:
Dungeon (1/15) Zot: 5862

Altars:

♣ ♣♣♣♣♣♣ ♣♣
♣♣♣♣....♣♣♣
.♣♣♣♣.....♣...♣♣
..♣.....♣♣♣♣♣..#
≈...♣♣♣♣♣
♣..######### ≈≈~♣♣
♣♣..h.......
♣≈~~♣♣♣
♣♣♣.#h######
♣..≈~≈♣♣♣♣♣♣hh##@#
..♣♣~♣♣♣...h.###.#
♣♣♣ ♣♣.....### #.#
♣ ♣.....# #..
♣....### ###
♣.....#. ♣.♣....
.# ♣...#.. .#
......# ##


You could see 2 jackals.


Message History

😎 HP[+2] MP[+1]
Your hp is fully restored (18).
Your mp is fully restored (3).
A jackal is nearby!
A jackal is nearby!
A jackal comes into view.
Casting: Beastly Appendage (safe; 11% risk of failure)
Confirm with . or Enter, or press ? or * to list all spells.
You grow a pair of large bovine horns.
The jackal barks!
You hear a bark!
Your transformation is almost over.
A jackal comes into view. 😎 MP[-1]
You lost 1 mp, and now have 2/3 mp.
The jackal misses you. The jackal bites you.
The jackal barks! x2
You hit the jackal but do no damage. The jackal closely misses you. 😕 HP[-2]
You take 2 damage, and now have 16/18 hp.
You hit the jackal. The jackal bites you. x2
You are too injured to fight recklessly! 😮 HP[-4]
You take 4 damage, and now have 12/18 hp.
MASSIVE DAMAGE!! (PAUSE)
You are too injured to fight recklessly!
You are too injured to fight recklessly!
The jackal bites you. 😮 HP[-1]
You take 1 damage, and now have 11/18 hp.
A jackal comes into view.
The jackal attacks as you move away! The jackal closely misses you.
The jackal bites you but does no damage. 😮 HP[+1] Unknown command.
Your horns disappear.
The jackal barks!
The jackal bites you. 😮 HP[-1] MP[+1]
You take 1 damage, and now have 11/18 hp.
Your mp is fully restored (3).
The jackal attacks as you move away! The jackal closely misses you.
The jackal bites you.
* * * LOW HITPOINT WARNING * * *
😨 HP[-3]
You take 3 damage, and now have 8/18 hp. 😨 HP[+1] Unknown command.
The jackal barely misses you. The jackal attacks as you move away!
The jackal bites you.
* * * LOW HITPOINT WARNING * * *
The jackal barely misses you. 😨 HP[-2]
You take 2 damage, and now have 7/18 hp.
Unknown command.
You miss the jackal. You punch the jackal.
The jackal barely misses you. 😨 HP[+1]
You hit the jackal.
You kill the jackal!
Casting: Beastly Appendage (safe; 11% risk of failure)
Confirm with . or Enter, or press ? or * to list all spells.
You grow a pair of large bovine horns.
The jackal bites you.
* * * LOW HITPOINT WARNING * * *
The jackal bites you.
* * * LOW HITPOINT WARNING * * *
The jackal closely misses you. 😱 HP[-4] MP[-1]
You take 4 damage, and now have 4/18 hp.
MASSIVE DAMAGE!! (PAUSE)
You lost 1 mp, and now have 2/3 mp.
You hit the jackal.
You kill the jackal!
The jackal barely misses you.
You hit the jackal but do no damage.
You headbutt the jackal, but do no damage.
The jackal barely misses you. 😨 HP[+1]
You closely miss the jackal.
You headbutt the jackal, but do no damage.
The jackal bites you.
* * * LOW HITPOINT WARNING * * *
😱 HP[-2]
You take 2 damage, and now have 3/18 hp.
You barely miss the jackal. The jackal barely misses you.
The jackal bites you but does no damage.
Unknown command.
You hit the jackal but do no damage. The jackal bites you.
* * * LOW HITPOINT WARNING * * *
😱 HP[-1]
You take 1 damage, and now have 2/18 hp.
You closely miss the jackal.
Your transformation is almost over.
The jackal closely misses you. 😱 HP[+1]
Aiming: Spit Poison (3% risk of failure)
Press: ? - help, Shift-Dir - straight line, f - jackal
Aim: a jackal (43% to hit)
The splash of poison hits the jackal but does no damage.
The jackal is poisoned.
The jackal closely misses you. x2
Unknown command.
You hit the jackal. The jackal bites you.
You die...

Action                     || total
---------------------------++-------
  Melee: Unarmed           ||    14
         Headbutt          ||     2
         Punch             ||     1
   Cast: Beastly Appendage ||     3
Ability: Spit Poison       ||     1
 Armour: Robe              ||     2
  Dodge: Dodged            ||    15

Levels and vault maps discovered:
D:1:      kilobyte_arrival_exit_the_forest, layout_basic, dk_noncrumbling_4,
          minmay_box_of_dots

Notes
Turn   | Place    | Note
-------+----------+-------------------------------------------
     0 | D:1      | kae the Naga Transmuter began the quest for the Orb.
     0 | D:1      | Reached XP level 1. HP: 18/18 MP: 3/3
     0 | D:1      | magus.rc [v1.11.3]
    99 | D:1      | HP: 4/18 [jackal (1)]
   104 | D:1      | HP: 2/18 [jackal (1)]
   107 | D:1      | Slain by a jackal

Vanquished Creatures
  2 jackals (D:1)
  A ball python (D:1)
3 creatures vanquished.

Table legend:
 A = Non-vault XP
 B = Vault XP
 C = Vault XP percentage of total XP
 D = Non-vault monster count
 E = Vault monster count
 F = Vault count percentage of total count
                 A         B        C        D         E       F
            +---------+---------+-------+---------+---------+-------
      Total |       5 |       0 |   0.0 |       3 |       0 |   0.0
            +---------+---------+-------+---------+---------+-------
        D:1 |       5 |       0 |   0.0 |       3 |       0 |   0.0
            +---------+---------+-------+---------+---------+-------

Illustrated notes

Table legend:
 A = Kills in this place as a percentage of kills in the entire game.
 B = Kills by you in this place as a percentage of kills by you in the entire game.
 C = Kills by friends in this place as a percentage of kills by friends in the entire game.
 D = Other kills in this place as a percentage of other kills in the entire game.
 E = Experience gained in this place as a percentage of experience gained in the entire game.
 F = Experience gained in this place divided by the number of levels of this place that you have seen.
                   A       B       C       D       E      F
               +-------+-------+-------+-------+-------+----------------------
         Total | 100.0 | 100.0 |   N/A |   N/A | 100.0 |   5.0
       Dungeon | 100.0 | 100.0 |   N/A |   N/A | 100.0 |   5.0
               +-------+-------+-------+-------+-------+----------------------

Table legend: (Time is in decaauts)
 A = Elapsed time spent in this place.
 B = Non-inter-level travel time spent in this place.
 C = Inter-level travel time spent in this place.
 D = Time resting spent in this place.
 E = Time spent auto-exploring this place.
 F = Levels seen in this place.
 G = Mean time per level.
                   A        B        C        D        E       F      G
               +--------+--------+--------+--------+--------+-----+--------+
         Total |    136 |    136 |      0 |      0 |     92 |   1 |  136.0 |
       Dungeon |    136 |    136 |      0 |      0 |     92 |   1 |  136.0 |
               +--------+--------+--------+--------+--------+-----+--------+

Top non-repeatable levels by time:
     D:1: 136 daAuts
